 Dungeon Crawl Stone Soup version 0.21.1-1-g345015f (webtiles) character file.

286 gerrrit the Shield-Bearer (level 6, -3/53 HPs)
             Began as a Minotaur Fighter on Apr 2, 2018.
             Was a Follower of Okawaru.
             Killed from afar by a wight (32 damage)
             ... with an exploding inner flame
             ... hexed by the player character
             ... on level 6 of the Dungeon.
             The game lasted 00:11:36 (2399 turns).

gerrrit the Shield-Bearer (Minotaur Fighter)        Turns: 2399, Time: 00:11:36

Health: -3/53      AC:  9    Str: 23    XL:     6   Next: 8%
Magic:  5/5        EV:  8    Int:  5    God:    Okawaru [*.....]
Gold:   213        SH: 10    Dex:  9    Spells: 5/5 levels left

rFire    . . .     SeeInvis .   a - +0 long sword
rCold    . . .     Gourm    .   c - +0 shield
rNeg     . . .     Faith    .   b - +0 scale mail
rPois    .         Spirit   .   (helmet restricted)
rElec    .         Reflect  .   (no cloak)
rCorr    .         Harm     .   (no gloves)
MR       .....                  o - +1 pair of boots {run}
Stlth    ..........             (no amulet)
HPRegen  0.17/turn              (no ring)
MPRegen  0.09/turn              (no ring)

@: quick
A: retaliatory headbutt, horns 2
a: Heroism, Renounce Religion


You were on level 6 of the Dungeon.
You worshipped Okawaru.
Okawaru was aware of your devotion.
You were not hungry.

You visited 1 branch of the dungeon, and saw 4 of its levels.

You collected 213 gold pieces.

Inventory:

Hand Weapons
 a - a +0 long sword (weapon)
 k - a cursed +0 hand axe
Missiles
 n - 11 arrows
Armour
 b - a +0 scale mail (worn)
 c - a +0 shield (worn)
 i - a +2 leather armour of poison resistance
 o - a +1 pair of boots of running (worn)
Scrolls
 h - a scroll of immolation
 j - a scroll of remove curse
 m - a scroll of teleportation
 p - a scroll of amnesia
Potions
 d - a potion of might
 e - a potion of degeneration
 g - a potion of heal wounds {unknown}
 l - a potion of mutation {unknown}
Comestibles
 f - 6 rations


   Skills:
 + Level 4.5 Fighting
 + Level 4.8 Long Blades
 + Level 5.0 Armour
 + Level 1.3 Dodging
 + Level 0.1 Stealth
 + Level 5.1 Shields


You had 5 spell levels left.
You didn't know any spells.

Dungeon Overview and Level Annotations

Branches:
Dungeon (3/15)

Altars:
Elyvilon
Nemelex Xobeh
Okawaru


Innate Abilities, Weirdness & Mutations

You reflexively headbutt those who attack you in melee.
You have a pair of horns on your head.


Message History

The fiery explosion engulfs the wight.
The wight explodes!
The fiery explosion engulfs the wight.
The wight explodes!
Okawaru accepts your kill.
Your Long Blades skill increases to level 4!
Your Dodging skill increases to level 1!
Okawaru accepts your kill.
Your life force feels restored.
Your Armour skill increases to level 5!
Your Shields skill increases to level 5!
Okawaru accepts your kill.
You can now gain great but temporary skills.
You have reached level 6!
Your experience leads to an increase in your attributes!
Increase (S)trength, (I)ntelligence, or (D)exterity?
You feel stronger. The fiery explosion engulfs you!
Ouch! That really hurt!
You die...

##.... .....
...z z..
######### #..
#.......# #§.
#.......#
##§§##.......#
#§§§§@.......#
#§####.......#
#.......#
#.......#
#########


There were no monsters in sight!

Vanquished Creatures
  3 wights (D:6)
  2 orc wizards (D:3)
  3 adders
  3 worms
  3 dart slugs
  2 leopard geckos
  4 orcs (D:3)
  A ball python (D:3)
  2 giant cockroaches
  4 goblins
  7 hobgoblins
  6 jackals
  8 bats
  4 frilled lizards
  2 kobolds
  2 rats
56 creatures vanquished.

Vanquished Creatures (others)
  A quokka (D:2)
1 creature vanquished.

Grand Total: 57 creatures vanquished

Notes
Turn   | Place    | Note
-------+----------+-------------------------------------------
     0 | D:1      | gerrrit the Minotaur Fighter began the quest for the Orb.
     0 | D:1      | Reached XP level 1. HP: 19/19 MP: 0/0
   350 | D:1      | Reached XP level 2. HP: 26/27 MP: 1/1
   997 | D:2      | Found an iron altar of Okawaru.
  1000 | D:2      | Reached XP level 3. HP: 33/33 MP: 2/2
  1022 | D:2      | Became a worshipper of Warmaster Okawaru
  1071 | D:2      | Found a white marble altar of Elyvilon.
  1785 | D:3      | Reached XP level 4. HP: 40/40 MP: 3/3
  1999 | D:3      | Reached XP level 5. HP: 42/47 MP: 4/4
  2230 | D:3      | Identified a +1 pair of boots of running (You found it on level 3 of the Dungeon)
  2284 | D:3      | Found a sparkling altar of Nemelex Xobeh.
  2375 | D:3      | You fall through a shaft for 3 floors!
  2399 | D:6      | Reached skill level 1 in Dodging
  2399 | D:6      | Reached skill level 5 in Armour
  2399 | D:6      | Reached skill level 5 in Shields
  2399 | D:6      | Reached * piety under Okawaru
  2399 | D:6      | Reached XP level 6. HP: 29/53 MP: 5/5
  2399 | D:6      | Killed from afar by a wight

Skill      XL: |  1  2  3  4  5 |
---------------+----------------+-----
Fighting       | 4 |  4.5
Armour         | 4 5 |  5.0
Shields        | 4 5 |  5.1
Long Blades    | 3 4 |  4.8
Dodging        | 1 |  1.3
Stealth        | |  0.1

Action                   |  1- 3 |  4- 6 || total
-------------------------+-------+-------++-------
Melee: Long sword        |    97 |    56 ||   153
       Headbutt          |    16 |     9 ||    25
  Use: Scroll            |     6 |     2 ||     8
  Eat: Ration            |     1 |     1 ||     2
Armor: Scale mail        |    31 |    17 ||    48
Dodge: Dodged            |    31 |    22 ||    53
Block: Shield            |    62 |    22 ||    84
       Rpst.: Long sword |    10 |     5 ||    15
